 Dungeon Crawl Stone Soup version 0.31-b1-20-g67cafac56d (webtiles) character file.

Game seed: 13326027957750396006

1315 Cheops the Spear-Bearer (level 8, -6/58 HPs)
             Began as a Formicid Fighter on Jan 17, 2024.
             Was a Believer of Zin.
             Mangled by an orc warrior
             ... wielding a +0 glaive
              (13 damage)
             ... in a bailey.
             The game lasted 00:19:46 (5799 turns).

Cheops the Spear-Bearer (Formicid Fighter)          Turns: 5799, Time: 00:19:46

Health: -6/58      AC: 17    Str: 23    XL:     8   Next: 89%
Magic:  8/8        EV:  6    Int:  8    God:    Zin [**....]
Gold:   239        SH:  5    Dex: 13    Spells: 7/7 levels left

rFire   . . .        a - +1 halberd (freeze)
rCold   . . .        c - +0 buckler
rNeg    . . .        o - +0 plate armour
rPois   .            (helmet unavailable)
rElec   .            i - +0 cloak
rCorr   .            (no gloves)
SInv    +            u - +0 pair of boots
Will    .....        y - amulet of magic regeneration Stlth
                     t - +4 ring of protection
HPRegen 0.29/turn    (no ring)
MPRegen 0.51/turn

%: no passive effects
@: no status effects
A: permanent stasis, dig shafts and tunnels, antennae 3, four strong arms
a: Dig, Renounce Religion, Recite, Vitalisation, Donate Gold


You were in a bailey.
You worshipped Zin.
Zin was pleased with you.
You visited 2 branches of the dungeon, and saw 8 of its levels.
You also visited: Bailey.

You collected 447 gold pieces.
You donated 208 gold pieces to Zin.

Inventory:

Hand Weapons
 a - a +1 halberd of freezing (weapon)
 b - a +1 spear of venom
 D - a +0 trident
 H - a +0 halberd
Missiles
 E - a throwing net
Armour
 c - a +0 buckler (worn)
 i - a +0 cloak (worn)
 o - a +0 plate armour (worn)
 r - a +0 scale mail
 u - a +0 pair of boots (worn)
Magical Staves
 e - a staff of alchemy
 F - a staff of fire
Jewellery
 t - a +4 ring of protection (left hand)
 y - an amulet of magic regeneration (around neck)
Wands
 s - a wand of acid (15)
Scrolls
 g - a scroll of vulnerability {unknown}
 h - a scroll of blinking {unknown}
 j - 2 scrolls of enchant weapon
 k - 2 scrolls of teleportation {unknown}
 n - a scroll of immolation
 q - 2 scrolls of noise {unknown}
 w - 2 scrolls of enchant armour
 z - a scroll of poison
 A - a scroll of summoning
 G - a scroll of fear {unknown}
Potions
 d - 2 potions of might
 f - 6 potions of curing {unknown}
 l - a potion of brilliance {unknown}
 m - 5 potions of haste {unknown}
 p - a potion of resistance {unknown}
 v - 4 potions of cancellation {unknown}
 x - 2 potions of heal wounds {unknown}
 B - a potion of lignification {unknown}
 C - a potion of enlightenment {unknown}
 I - a potion of magic {unknown}


   Skills:
 - Level 3.2 Fighting
 + Level 10.4 Polearms
 - Level 3.2 Armour
 - Level 4.0 Shields


You had 7 spell levels left.
You didn't know any spells.
Your spell library contained the following spells:

 Spells                   Type           Power      Damage    Failure   Level
 Freeze                   Ice            0%         1d3       100%        1
 Frozen Ramparts          Ice            0%         1d1       100%        3
 Hailstorm                Conj/Ice       0%         3d5       100%        3


Dungeon Overview and Level Annotations

Branches:
Dungeon (7/15)             Temple (1/1) D:6          Bailey (1/1)

Altars:
Ashenzari
Cheibriados
Dithmenos
Elyvilon
Fedhas
Gozag
Hepliaklqana
Kikubaaqudgha
Makhleb
Nemelex Xobeh
Okawaru
Qazlal
Ru
Sif Muna
Trog
Uskayaw
Vehumet
Xom
Yredelemnul
Zin
The Shining One

Shops:
D:7 *

Annotations:
D:5 exclusion: diamond obelisk
D:7 1 runed translucent door, middlethird's ghost, novice VSEE


Innate Abilities, Weirdness & Mutations

You cannot be hasted, slowed, berserked, paralysed or teleported.
You can dig through walls and to a lower floor.
You have a pair of large antennae on your head. (SInv)
Your four strong arms can wield two-handed weapons with a shield.


Message History

You kill the orc warrior!
You see here a +0 halberd.
Aiming: Corrosive Bolt
Press: ? - help, Shift-Dir - straight line, f - orc warrior
Aim: an orc warrior, wielding a +0 glaive and wearing a +0 plate armour (71% to hit)
The bolt of acid hits the orc warrior!
The acid corrodes the orc warrior!
The orc warrior is moderately wounded.
The orc warrior hits you from afar with a +0 glaive!
* * * LOW HITPOINT WARNING * * *
Aiming: Corrosive Bolt
Press: ? - help, Shift-Dir - straight line, f/p - orc warrior
Aim: an orc warrior, wielding a +0 glaive and wearing a +0 plate armour (moderately wounded, covered in acid, 71% to hit)
The bolt of acid hits the orc warrior.
The orc warrior is heavily wounded.
The orc warrior hits you from afar with a +0 glaive.
* * * LOW HITPOINT WARNING * * *
Aiming: Corrosive Bolt
Press: ? - help, Shift-Dir - straight line, f/p - orc warrior
Aim: an orc warrior, wielding a +0 glaive and wearing a +0 plate armour (heavily wounded, covered in acid, 71% to hit)
The bolt of acid misses the orc warrior.
You block the orc warrior's attack.
Aiming: Corrosive Bolt
Press: ? - help, Shift-Dir - straight line, f/p - orc warrior
Aim: an orc warrior, wielding a +0 glaive and wearing a +0 plate armour (heavily wounded, covered in acid, 71% to hit)
The bolt of acid hits the orc warrior!
The orc warrior seems to be corroded for longer.
The orc warrior is almost dead.
The orc warrior hits you from afar with a +0 glaive.
* * * LOW HITPOINT WARNING * * *
Aiming: Corrosive Bolt
Press: ? - help, Shift-Dir - straight line, f/p - orc warrior
Aim: an orc warrior, wielding a +0 glaive and wearing a +0 plate armour (almost dead, covered in acid, 71% to hit)
The bolt of acid misses the orc warrior.
You block the orc warrior's attack.
Aiming: Corrosive Bolt
Press: ? - help, Shift-Dir - straight line, f/p - orc warrior
Aim: an orc warrior, wielding a +0 glaive and wearing a +0 plate armour (almost dead, covered in acid, 71% to hit)
The bolt of acid misses the orc warrior.
The orc warrior hits you from afar with a +0 glaive!
You die...

#..#.#..#
#..#8#..#
#....o..#
##.....##
###'###
#...#
#.)o#
#..)#
#.)@#
###)###
##.....##
#.......#
#.......#
#.......#
#..#.#.)#
#.##8##)#
#..#.#).#


You could see an orc warrior (corroded).

Vanquished Creatures
  3 orc warriors (Bailey)
  An ogre (D:6)
  A centaur (D:5)
  A phantom (D:3)
  A scorpion (D:4)
  A howler monkey (D:4)
  A bombardier beetle (D:6)
  A jelly (D:6)
  4 hounds
  2 orc priests (D:4)
  3 sleepcaps (D:3)
  A gnoll bouda (D:5)
  An iguana (D:4)
  An orc wizard (D:3)
  6 gnolls
  9 adders
  3 dart slugs (D:2)
  A ribbon worm (D:5)
  36 orcs
  5 ball pythons
  8 endoplasms
  9 hobgoblins
  2 jackals (D:3)
  7 kobolds
  5 quokkas
  7 bats
  A frilled lizard (D:2)
  13 goblins
  5 rats
139 creatures vanquished.

Notes
Turn   | Place    | Note
-------+----------+-------------------------------------------
     0 | D:1      | Cheops the Formicid Fighter began the quest for the Orb.
     0 | D:1      | Reached XP level 1. HP: 18/18 MP: 1/1
   111 | D:1      | Reached XP level 2. HP: 24/24 MP: 2/2
   170 | D:1      | Reached skill level 3 in Polearms
   310 | D:1      | Reached XP level 3. HP: 29/29 MP: 3/3
   777 | D:2      | Found a snail-covered altar of Cheibriados.
  1292 | D:2      | Reached skill level 4 in Polearms
  1292 | D:2      | Reached XP level 4. HP: 35/35 MP: 4/4
  1728 | D:3      | Reached XP level 5. HP: 27/41 MP: 5/5
  1824 | D:2      | Reached skill level 5 in Polearms
  2046 | D:3      | Reached XP level 6. HP: 13/47 MP: 6/6
  2050 | D:3      | Reached skill level 6 in Polearms
  2470 | D:3      | Found a faded altar of an unknown god.
  2835 | D:4      | Found an opulent altar of Gozag.
  3196 | D:5      | Entered Level 5 of the Dungeon
  3203 | D:4      | Reached XP level 7. HP: 52/52 MP: 7/7
  3214 | D:4      | Reached skill level 7 in Polearms
  3580 | D:5      | Reached skill level 8 in Polearms
  3731 | D:5      | Reached XP level 8. HP: 42/58 MP: 8/8
  4037 | D:5      | Found a stormy altar of Qazlal.
  4354 | D:6      | Reached skill level 9 in Polearms
  4568 | D:6      | Found a staircase to the Ecumenical Temple.
  4814 | D:6      | Found a sacrificial altar of Ru.
  4820 | D:6      | Found a blossoming altar of Fedhas.
  5146 | Temple   | Entered the Ecumenical Temple
  5153 | Temple   | Became a worshipper of Zin the Law-Giver
  5153 | Temple   | Reached * piety under Zin
  5162 | D:6      | Donated 164 gold pieces to Zin
  5188 | D:6      | Reached ** piety under Zin
  5284 | D:7      | Found Cethrysu's Assorted Antiques.
  5305 | D:7      | Noticed middlethird's ghost (novice VSEE)
  5314 | D:7      | Found a runed translucent door.
  5323 | D:7      | Found a flagged portal.
  5329 | D:7      | Identified the +3 halberd of Watchfulness {pain, rF+ rC+
                  | rN+ Int+4 Stlth-}
  5335 | Bailey   | Entered a bailey
  5373 | Bailey   | HP: 2/58 [orc/+0 halberd (8)]
  5613 | Bailey   | Reached skill level 10 in Polearms
  5756 | Bailey   | Noticed an orc knight
  5799 | Bailey   | Mangled by an orc warrior

Illustrated notes

Levels and vault maps discovered:
D:1:      dpeg_arrival_solitude, layout_basic, minmay_liquid_box,
          minmay_pentomino_o4
D:2:      cheibrodos_greedy_goblins, layout_basic, basic_altar
D:3:      layout_rooms, ebering_ecumenical_altar_hall, hellmonk_no_cap
D:4:      layout_gridville, grunt_gozag_statues
D:5:      layout_basic, nicolae_qazlal_eye_of_the_storm,
          wad_floor_pattern_untrapped, chequers_serial_rivers_large_a
D:6:      layout_basic, jmf_multi_god_temple2, lemuel_temple_firewalk_a,
          serial_corexii_hall, chequers_hall_statues_corner_a,
          corexii_hall_statues_x, dk_noncrumbling_3, minmay_misc_feat_ornament
D:7:      layout_gridville, hellmonk_ghost_happy_afterlife, serial_shops, shop,
          enter_bailey_2, nicolae_figureground_sparkle, uniq_duvessa
Temple:   sentei_temple_godly_chess
Bailey:   bailey_polearm_5, bailey

Skill      XL: |  1  2  3  4  5  6  7  8 |
---------------+-------------------------+-----
Polearms       | 3 4 5 6 8 10 | 10.4
Fighting       | |  3.2
Armour         | |  3.2
Shields        | |  4.0

Action                     |  1- 3 |  4- 6 |  7- 9 || total
---------------------------+-------+-------+-------++-------
  Melee: Trident           |   109 |   109 |       ||   218
         Halberd           |       |    34 |   172 ||   206
 Invoke: Donate Gold       |       |       |     1 ||     1
Ability: Dig               |       |       |     4 ||     4
  Evoke: Wand              |       |       |    11 ||    11
    Use: Potion            |       |     1 |     1 ||     2
         Scroll            |       |       |     7 ||     7
 Armour: Scale mail        |    52 |     3 |       ||    55
         Plate armour      |       |   117 |   154 ||   271
  Dodge: Dodged            |    36 |    45 |    61 ||   142
  Block: Buckler           |    26 |    45 |    53 ||   124
